 Dungeon Crawl Stone Soup version 0.27-a0-668-gb5737ff2c0 (webtiles) character file.

Game seed: 1074820471207172795

220 robertstho the Skirmisher (level 5, -1/75 HPs)
             Began as a Naga Berserker on Mar 17, 2021.
             Was a Believer of Trog.
             Slain by a hobgoblin
             ... wielding a +0 trident
              (4 damage)
             ... on level 3 of the Dungeon.
             The game lasted 00:05:04 (3784 turns).

robertstho the Skirmisher (Naga Berserker)          Turns: 3784, Time: 00:05:04

Health: -1/75      AC:  5    Str: 21    XL:     5   Next: 97%
Magic:  5/5        EV:  8    Int:  7    God:    Trog [**....]
Gold:   115        SH:  0    Dex: 10    Spells: 4/4 levels left

rFire    . . .     SeeInvis +   a - +0 falchion
rCold    . . .     Faith    .   (no shield)
rNeg     . . .     Spirit   .   l - +0 scale mail
rPois    +         Reflect  .   (no helmet)
rElec    .         Harm     .   (no cloak)
rCorr    .         Rampage  .   (no gloves)
Will     .....                  (no barding)
Stlth    ..........             (no amulet)
HPRegen  0.22/turn              (no ring)
MPRegen  0.09/turn              (no ring)

@: berserking, quick
A: AC +1, large, see invisible, deformed body, poison resistance, slowness 2,
spit poison 1, naga tail 1
a: Spit Poison, Renounce Religion, Berserk, Trog's Hand


You were on level 3 of the Dungeon.
You worshipped Trog.
Trog was pleased with you.
You visited 1 branch of the dungeon, and saw 4 of its levels.

You collected 115 gold pieces.

Inventory:

Hand Weapons
 a - a +0 falchion (weapon)
 d - a +3 mace
Armour
 l - a +0 scale mail (worn)
Scrolls
 b - a scroll of silence {unknown}
 f - a scroll of holy word {unknown}
 h - a scroll of enchant weapon {unknown}
 i - a scroll of magic mapping {unknown}
 k - a scroll of fog
Potions
 e - a potion of berserk rage


   Skills:
 * Level 4.1 Fighting
 + Level 3.9 Long Blades
 * Level 3.3 Armour
 + Level 1.8 Dodging
 * Level 2.5 Stealth


You had 4 spell levels left.
You didn't know any spells.
Your spell library was empty.

Dungeon Overview and Level Annotations

Branches:
Dungeon (4/15)
 Temple: D:4-7

Altars:
Nemelex Xobeh
Vehumet

Shops:
D:1 =


Innate Abilities, Weirdness & Mutations

Your serpentine skin is tough. (AC +1)
You have supernaturally acute eyesight. (SInv)
Armour fits poorly on your strangely shaped body.
Your system is resistant to poisons. (rPois)
You cover ground very slowly.
You can spit poison.
You have a snake-like lower body.


Message History

The splash of poison misses the orc wizard.
The orc wizard barely misses you.
Unknown command.
You slash the orc wizard!
You kill the orc wizard!
Trog accepts your kill.
Trog appreciates your killing of a magic user.
You feel the effects of Trog's Hand fading.
Things that are here:
a +0 dagger; a +0 robe; an orc corpse
Found a radiant altar of Vehumet.
You have got your breath back.
Your skin stops crawling.
You feel less strong-willed.
There is a stone staircase leading up here.
You climb upwards.
You recover from your berserk rage.
There is a stone staircase leading down here.
You start resting.
A hobgoblin comes into view. It is wielding a +0 trident.
A hobgoblin is nearby!
A hobgoblin is nearby!
The hobgoblin shouts!
The hobgoblin drinks a potion.
The hobgoblin flickers and vanishes for a moment.
The hobgoblin hits you from afar with a +0 trident!
The hobgoblin hits you with a +0 trident!
* * * LOW HITPOINT WARNING * * *
You hit the hobgoblin but do no damage.
The hobgoblin hits you with a +0 trident.
* * * LOW HITPOINT WARNING * * *
The hobgoblin hits you with a +0 trident!
* * * LOW HITPOINT WARNING * * *
You barely miss the hobgoblin.
The hobgoblin hits you with a +0 trident.
* * * LOW HITPOINT WARNING * * *
You hit the hobgoblin but do no damage. The hobgoblin barely misses you.
A red film seems to cover your vision as you go berserk!
You feel yourself moving faster!
You feel mighty!
The hobgoblin hits you with a +0 trident.
You die...

#.# ##...## #.# ##.####### ##.#
#........# #..##########
#..#####.# #..........># #..#
#.# #..########.# #..# #.# #..#
#.### #..# #.# #..# #...#####..#
#.# #####..########.@........#
#.# #..........).[.#g.######.#
#.# #.............###........#
#.# .......######..#......#..#
#.# .#.##.## ##.?..[###...รท#
#.#
...##.######..###.##.###.#####.#
#####.........# #....#
#.....#.## #
########..###[##.###.###..... #
##...).###...## #.###.


You could see a hobgoblin (invisible).

Vanquished Creatures
  A hound (D:3)
  An orc priest (D:4)
  A worker ant (D:4)
  An orc wizard (D:4)
  2 adders
  An ooze (D:1)
  A dart slug (D:2)
  4 worms (D:3)
  A leopard gecko (D:1)
  11 orcs
  3 giant cockroaches
  8 goblins
  3 hobgoblins
  4 quokkas
  3 ball pythons
  8 bats
  8 frilled lizards
  5 kobolds
  2 rats
68 creatures vanquished.

Notes
Turn   | Place    | Note
-------+----------+-------------------------------------------
     0 | D:1      | robertstho the Naga Berserker began the quest for the Orb.
     0 | D:1      | Reached XP level 1. HP: 21/21 MP: 1/1
   376 | D:1      | Reached XP level 2. HP: 15/28 MP: 2/2
   526 | D:1      | Found Baoph's Jewellery Shop.
   805 | D:1      | Found a sparkling altar of Nemelex Xobeh.
   961 | D:1      | Reached skill level 1 in Stealth
  1009 | D:1      | Reached XP level 3. HP: 33/34 MP: 3/3
  2272 | D:3      | Reached XP level 4. HP: 36/44 MP: 4/4
  2273 | D:3      | Reached ** piety under Trog
  2896 | D:3      | Reached XP level 5. HP: 50/50 MP: 5/5
  3655 | D:4      | Reached skill level 4 in Fighting
  3660 | D:4      | HP: 2/50 [orc wizard/+0 dagger (4)]
  3667 | D:4      | Found a radiant altar of Vehumet.
  3782 | D:3      | HP: 1/50 [hobgoblin/+0 trident (2)]
  3784 | D:3      | Slain by a hobgoblin

Illustrated notes

Levels and vault maps discovered:
D:1:      dpeg_arrival_solitude, layout_rooms, serial_shops,
          nicolae_shop_waterfront, chequers_serial_rivers_large_a,
          minmay_misc_feat_five, nemelex_diamond_rough_becter
D:2:      wad_pebble_path, layout_basic, chequers_serial_rivers_large_b,
          grunt_decor_resistance, minmay_pentomino_w2
D:3:      layout_loops_ring
D:4:      layout_layer_cave, amethyst_overflow_temple_binary,
          nicolae_vehumet_altar_sigil, minmay_temple_entry_statues_pillars

Skill      XL: |  1  2  3  4  5 |
---------------+----------------+-----
Armour         | 2 3 |  3.3
Stealth        | 1 2 |  2.5
Fighting       | 4 |  4.1
Long Blades    | |  3.9
Dodging        | |  1.8

Action                   |  1- 3 |  4- 6 || total
-------------------------+-------+-------++-------
Melee: Falchion          |    89 |   128 ||   217
Invok: Berserk           |     4 |     5 ||     9
       Trog's Hand       |       |     2 ||     2
 Abil: Spit Poison       |       |     5 ||     5
  Use: Scroll            |     2 |     2 ||     4
       Potion            |       |     1 ||     1
Armor: Animal skin       |     2 |       ||     2
       Ring mail         |    23 |    23 ||    46
       Scale mail        |       |    20 ||    20
Dodge: Dodged            |    56 |    73 ||   129
       Rpst.: Falchion   |    21 |    30 ||    51

Table legend: (Time is in decaauts)
 A = Elapsed time spent in this place.
 B = Non-inter-level travel time spent in this place.
 C = Inter-level travel time spent in this place.
 D = Time resting spent in this place.
 E = Time spent auto-exploring this place.
 F = Levels seen in this place.
 G = Mean time per level.
                   A        B        C        D        E       F      G
               +--------+--------+--------+--------+--------+-----+--------+
         Total |   4618 |   4534 |     84 |    366 |   3473 |   4 | 1154.5 |
       Dungeon |   4618 |   4534 |     84 |    366 |   3473 |   4 | 1154.5 |
               +--------+--------+--------+--------+--------+-----+--------+

Top non-repeatable levels by time:
     D:3: 1781 daAuts
     D:1: 1540 daAuts
     D:2: 1212 daAuts
     D:4: 84 daAuts
